Map: Blackpink LE

Players

JagrsMullets - Winner!

  • Race: Zerg Zerg
  • Spawn Location: 7:00

A.I. 1 (Hard)

  • Race: Zerg Zerg
  • Spawn Location: 1:00

VOD

Have the link to the VOD?

Description

Time

  • Played on: Dec. 19, 2017, 12:56 a.m.
  • Length: 21:39
Show
View Real Time Build Order
Export as new Build Order

JagrsMullets Zerg - Winner!

Build Orders: Pool First 

Get SALT Encoding   

  12  0:08  Drone  
  12  0:13  Overlord  
  13  0:17  Drone  
  14  0:32  Drone  
  15  0:41  Spawning Pool  
  14  0:43  Drone  
  15  0:56  Drone  
  16  0:57  Drone  
  17  1:06  Evolution Chamber  
  17  1:08  Drone  
  17  1:14  Extractor  
  17  1:18  Drone  
  17  1:19  Extractor  
  16  1:28  Queen  
  18  1:32  Drone  
  20  2:01  Drone x3  
  22  2:12  Overlord  
  22  2:36  Zergling x2  
  25  2:39  Hatchery  
  24  2:56  Lair  
  22  3:09  Zergling x4  
  22  3:10  Zergling x4  
  22  3:12  Metabolic Boost  
  26  3:18  Zergling x6  
  29  3:55  Pneumatized Carapace  
  29  3:59  Zergling x8  
  29  4:00  Zergling x4  
  35  4:14  Hydralisk Den  
  35  4:16  Drone x2  
  36  4:24  Overlord  
  36  4:35  Overlord  
  36  4:51  Overlord x2  
  36  5:05  Queen  
  38  5:14  Zerg Melee Weapons Level 1  
  38  5:19  Drone  
  39  5:23  Drone  
  40  5:34  Infestation Pit  
  39  5:37  Drone  
  39  5:40  Drone  
  41  6:01  Zergling x10  
  46  6:08  Overlord  
  46  6:23  Drone x4  
  50  6:26  Drone  
  51  6:44  Spire  
  50  6:49  Hydralisk  
  50  6:54  Hydralisk  
  52  6:57  Drone x2  
  56  7:03  Drone x2  
  58  7:09  Drone x2  
  60  7:25  Drone x2  
  62  7:36  Hydralisk x3  
  68  7:39  Overlord x2  
  68  7:52  Spire  
  68  7:55  Zerg Missile Weapons Level 1  
  67  8:03  Muscular Augments  
  67  8:19  Zergling x8  
  71  8:20  Zergling x2  
  72  8:34  Mutalisk  
  72  8:35  Mutalisk x4  
  72  8:37  Zergling x4  
  84  8:43  Unknown  
  84  8:56  Overlord x2  
  84  8:57  Overlord x3  
  84  9:02  Unknown  
  59  9:17  Hydralisk x4  
  59  9:18  Hydralisk  
  65  9:41  Hatchery  
  64  9:49  Zerg Ground Armor Level 1  
  66  10:06  Drone  
  66  10:07  Drone x5  
  72  10:16  Queen  
  72  10:25  Unknown  
  65  10:36  Zergling x4  
  65  10:37  Zergling x8  
  71  10:48  Overlord  
  71  10:52  Overlord x2  
  71  10:55  Drone  
  72  11:07  Drone  
  72  11:08  Extractor  
  72  11:09  Extractor  
  71  11:13  Hydralisk  
  71  11:14  Hydralisk x4  
  81  11:30  Extractor  
  81  11:31  Extractor  
  79  11:43  Zerg Missile Weapons Level 2  
  81  11:53  Mutalisk x3  
  87  11:55  Zergling x2  
  87  11:56  Zergling x10  
  93  12:06  Drone x3  
  93  12:07  Drone x2  
  98  12:10  Unknown  
  96  12:34  Zerg Flyer Weapons Level 1  
  96  12:36  Zerg Flyer Armor Level 1  
  96  12:46  Drone x3  
  99  13:07  Mutalisk x3  
  99  13:08  Mutalisk x4  
  99  13:11  Zergling x2  
  99  13:12  Zergling x14  
  121  13:13  Zergling x2  
  122  13:22  Hive  
  122  13:25  Drone  
  123  13:35  Unknown  
  123  13:39  Unknown  
  78  13:59  Zerg Melee Weapons Level 2  
  78  14:13  Mutalisk x3  
  78  14:14  Mutalisk x5  
  78  14:16  Zergling x6  
  78  14:17  Zergling x12  
  99  14:18  Zergling x2  
  78  15:18  Hydralisk x4  
  78  15:19  Hydralisk x5  
  96  15:24  Unknown  
  90  16:02  Zergling x12  
  90  16:03  Zergling x10  
  101  16:04  Zergling x4  
  96  16:33  Unknown  
  92  16:51  Mutalisk x5  
  92  16:52  Mutalisk x6  
  92  16:53  Mutalisk x4  
  110  17:25  Mutalisk x4  
  110  17:27  Zergling x4  
  110  17:28  Zergling x12  
  98  18:08  Unknown  
  86  19:01  Drone x4  
  86  19:02  Drone x2  
  90  19:14  Drone x3  
  89  19:38  Hatchery  
  89  19:41  Hatchery, Mutalisk x4  
  89  19:42  Mutalisk x7  
  89  19:43  Mutalisk x4  
  115  19:46  Zergling x10  
  120  20:28  Hydralisk  
  120  20:29  Hydralisk x6  
  120  20:30  Hydralisk x2  
Show
View Real Time Build Order
Export as new Build Order

A.I. 1 (Hard) Zerg 

Build Orders: Hatch First 

Get SALT Encoding   

  12  0:00  Drone  
  13  0:12  Overlord  
  13  0:17  Drone  
  14  0:30  Drone  
  14  0:31  Drone  
  14  0:34  Drone  
  17  0:54  Hatchery  
  16  0:57  Drone  
  17  1:12  Spawning Pool  
  17  1:13  Drone  
  17  1:17  Drone  
  18  1:21  Extractor  
  18  1:22  Drone  
  18  1:29  Overlord  
  18  1:38  Drone  
  19  1:59  Zergling x4  
  19  2:00  Queen  
  19  2:01  Roach Warren  
  22  2:06  Drone  
  22  2:07  Extractor  
  22  2:10  Drone  
  23  2:22  Drone  
  24  2:40  Overlord  
  24  2:41  Roach  
  24  2:43  Roach  
  24  2:44  Roach x2  
  32  2:52  Roach  
  32  2:54  Roach  
  36  3:10  Lair  
  36  3:21  Extractor  
  36  3:23  Extractor  
  36  3:24  Drone  
  35  3:27  Drone  
  36  3:34  Overlord  
  36  3:38  Drone  
  37  3:43  Drone  
  37  3:46  Drone  
  39  3:49  Drone  
  39  3:54  Drone  
  41  3:58  Drone  
  41  4:01  Drone  
  43  4:05  Drone  
  44  4:12  Hydralisk Den  
  44  4:13  Drone  
  44  4:16  Overlord  
  44  4:22  Evolution Chamber  
  43  4:25  Drone  
  44  4:32  Evolution Chamber  
  44  4:33  Drone  
  44  4:42  Hydralisk  
  46  4:50  Drone  
  47  4:54  Hydralisk, Drone  
  47  4:57  Drone  
  51  5:00  Drone  
  51  5:06  Hydralisk  
  51  5:07  Overlord  
  52  5:10  Drone  
  52  5:13  Drone  
  56  5:15  Drone  
  56  5:18  Drone  
  56  5:21  Drone  
  59  5:24  Drone  
  59  5:26  Drone  
  61  5:31  Overlord  
  61  5:34  Drone  
  62  5:36  Drone  
  62  5:39  Drone  
  64  5:44  Drone  
  64  5:47  Zerg Melee Weapons Level 1  
  64  5:48  Drone  
  64  5:49  Drone  
  67  5:51  Drone  
  67  5:54  Overlord  
  67  5:57  Drone  
  69  6:01  Drone  
  70  6:06  Drone, Zerg Ground Armor Level 1  
  71  6:12  Drone  
  71  6:16  Burrow  
  71  6:17  Drone  
  73  6:19  Drone  
  73  6:20  Drone  
  73  6:22  Overlord  
  73  6:25  Drone  
  76  6:27  Roach  
  80  6:40  Roach  
  80  6:44  Overlord  
  79  6:51  Overseer  
  79  6:52  Roach  
  79  6:53  Overseer  
  81  6:58  Baneling Nest  
  80  7:01  Spore Crawler  
  80  7:04  Roach, Spore Crawler  
  80  7:05  Overlord  
  80  7:06  Spore Crawler  
  80  7:07  Drone  
  80  7:12  Spore Crawler, Drone  
  80  7:15  Queen  
  82  7:16  Roach  
  84  7:24  Infestation Pit, Drone  
  84  7:27  Queen  
  84  7:28  Roach  
  88  7:31  Spine Crawler  
  88  7:32  Drone  
  88  7:33  Spine Crawler  
  88  7:34  Drone  
  88  7:39  Spine Crawler  
  88  7:40  Hydralisk  
  88  7:41  Zerg Missile Weapons Level 1, Spine Crawler, Drone  
  88  7:43  Drone  
  90  7:51  Spire  
  90  7:52  Hydralisk  
  90  7:53  Drone  
  92  8:04  Hydralisk  
  94  9:04  Zergling x2  
  94  9:09  Pneumatized Carapace, Overlord  
  86  9:10  Zerg Melee Weapons Level 2, Overseer  
  86  9:11  Glial Reconstitution  
  86  9:12  Zerg Flyer Weapons Level 1  
  86  9:14  Roach  
  80  9:17  Hydralisk  
  80  9:21  Hatchery  
  80  9:23  Hydralisk  
  81  9:32  Hydralisk  
  81  9:35  Zerg Ground Armor Level 2, Overlord  
  83  9:45  Hydralisk  
  83  9:50  Overseer  
  85  9:53  Hive, Overlord, Queen  
  85  9:56  Hydralisk  
  89  10:11  Overlord  
  89  10:23  Hydralisk  
  79  10:32  Hydralisk, Drone  
  79  10:33  Queen  
  79  10:34  Drone  
  75  10:35  Drone  
  75  10:37  Drone  
  75  10:38  Drone  
  75  10:40  Drone  
  75  10:41  Drone  
  80  10:43  Drone  
  80  10:44  Drone  
  80  10:45  Drone, Extractor  
  80  10:47  Spore Crawler, Drone  
  80  10:48  Drone  
  83  10:50  Drone, Spore Crawler, Extractor  
  83  10:52  Drone  
  83  11:06  Zerg Flyer Armor Level 1, Ultralisk Cavern  
  83  11:07  Drone  
  83  11:13  Spine Crawler, Drone  
  83  11:14  Spine Crawler  
  83  11:16  Drone  
  83  11:26  Zerg Missile Weapons Level 2  
  89  11:54  Ultralisk  
  89  12:03  Ultralisk  
  95  12:13  Ultralisk  
  101  12:22  Ultralisk  
  107  12:51  Overseer  
  107  13:00  Greater Spire  
  107  13:04  Corruptor  
  107  13:05  Overlord  
  109  13:06  Zerg Melee Weapons Level 3  
  109  13:08  Chitinous Plating  
  109  13:11  Infestor  
  111  13:17  Pathogen Glands  
  111  13:18  Corruptor  
  113  13:24  Corruptor  
  113  13:25  Overlord  
  115  13:31  Infestor  
  117  13:39  Zergling x2  
  117  13:42  Zerg Ground Armor Level 3  
  93  13:53  Hatchery  
  78  14:11  Zerg Flyer Armor Level 2  
  78  14:12  Brood Lord  
  78  14:14  Corruptor  
  86  14:19  Drone  
  86  14:23  Queen  
  82  14:25  Queen  
  82  14:26  Zergling x2  
  82  14:28  Overlord, Overseer  
  82  14:31  Overseer  
  82  14:32  Infestor  
  75  14:39  Drone  
  71  14:49  Drone  
  71  14:52  Drone x3  
  71  14:53  Corruptor  
  71  14:59  Corruptor  
  75  15:06  Infestor, Drone, Queen  
  78  15:08  Drone  
  83  15:18  Extractor  
  83  15:20  Drone  
  83  15:22  Zergling x2  
  83  15:26  Queen  
  83  15:27  Spore Crawler, Drone  
  83  15:28  Corruptor, Queen  
  80  15:29  Spore Crawler, Drone  
  80  15:30  Drone  
  80  15:31  Extractor  
  80  15:32  Drone  
  80  15:33  Drone  
  80  15:34  Spore Crawler  
  80  15:35  Infestor, Drone  
  76  15:36  Drone  
  76  15:38  Drone  
  76  15:39  Drone  
  76  15:41  Drone  
  76  15:42  Corruptor  
  79  15:43  Zerg Missile Weapons Level 3  
  79  15:46  Drone  
  79  15:47  Spore Crawler  
  79  15:48  Spore Crawler, Corruptor, Drone  
  78  15:50  Drone, Overlord  
  78  15:51  Drone  
  78  15:52  Drone  
  78  15:53  Spine Crawler, Drone x2  
  78  15:54  Drone  
  78  15:55  Spine Crawler, Zergling x2  
  78  15:56  Drone x3  
  77  15:57  Drone  
  77  15:59  Drone  
  77  16:00  Drone  
  77  16:02  Drone  
  77  16:03  Drone  
  81  16:05  Queen  
  81  16:06  Drone  
  81  16:08  Drone  
  81  16:09  Overlord, Drone, Overseer  
  81  16:10  Drone  
  78  16:11  Drone x7  
  78  16:12  Drone  
  78  16:13  Corruptor, Drone  
  78  16:14  Drone, Extractor  
  78  16:16  Drone  
  78  16:17  Drone  
  78  16:20  Infestor  
  78  16:23  Spine Crawler  
  78  16:24  Drone  
  76  16:26  Zergling x2  
  76  16:27  Zerg Flyer Weapons Level 2, Drone  
  76  16:28  Drone x5  
  76  16:30  Corruptor  
  76  16:31  Spine Crawler  
  77  16:34  Roach  
  77  16:37  Roach  
  77  16:38  Overlord  
  77  16:39  Hydralisk  
  75  16:43  Roach  
  75  16:46  Roach, Drone  
  70  16:48  Hydralisk, Overseer  
  70  16:51  Hydralisk  
  70  16:54  Overseer  
  68  16:57  Overlord, Zergling x2  
  68  17:00  Roach, Drone  
  64  17:03  Roach  
  64  17:06  Roach, Drone  
  60  17:09  Roach, Drone  
  60  17:12  Drone  
  60  17:13  Drone  
  60  17:14  Roach  
  60  17:15  Overlord, Drone, Overseer  
  59  17:16  Drone  
  59  17:17  Hydralisk, Drone  
  59  17:20  Roach  
  59  17:21  Drone  
  59  17:23  Roach  
  59  17:24  Drone  
  59  17:25  Drone  
  59  17:26  Roach  
  59  17:27  Drone  
  59  17:28  Hydralisk  
  67  17:32  Roach  
  67  17:35  Hydralisk, Zergling x2  
  67  17:36  Roach  
  61  17:38  Roach  
  61  17:39  Overlord  
  61  17:43  Hydralisk  
  55  17:47  Roach  
  55  17:51  Overlord  
  56  18:01  Hatchery, Zergling x2  
  56  18:03  Hydralisk  
  44  18:07  Roach  
  44  18:10  Roach  
  46  18:13  Roach  
  46  18:15  Hydralisk  
  46  18:18  Lair, Hydralisk  
  52  18:25  Roach  
  49  18:30  Roach  
  49  18:34  Overlord  
  49  18:36  Zergling x2  
  49  18:39  Roach  
  46  18:41  Drone x4  
  46  18:43  Drone  
  42  18:50  Ravager  
  42  18:51  Drone  
  42  18:52  Roach, Drone  
  42  18:54  Drone, Overseer  
  41  18:56  Drone  
  41  18:59  Drone  
  41  19:00  Drone  
  33  19:11  Drone  
  25  19:19  Drone  
  18  19:26  Roach  
  18  19:27  Drone  
  13  19:44  Drone  
  9  19:49  Drone x2  
  9  20:32  Drone  
Tags
 
Add a new tag
Caveats
  • Supply blocks, unpowered buildings, or Contaminate may cause inaccurate times.
  • Supply counts are checked every 10 seconds.